AoeStats
← Sobelix

Nomad

510089416Analyzed
2v2 RM · 3d ago on Sep 29, 2026· 59m 28s· 4 players
Game mode
Random Map
Map size
176×176
Population
200
Speed
Normal
Resources
Standard
Victory
Conquest
Starting age
Dark Age
Ending age
Imperial Age
RankedLock teamsTeams togetherTeam positionsShared explorationLock speedFull tech treeHidden civsTurbo modeCheats
Victory
Defeat
🇰🇿 Varangians · Kazakhstan
938
+15
🇰🇿 Persians · Kazakhstan
917
+16
🇦🇷 Italians · Argentina
918
-16
🇨🇭 Persians · Switzerland
899
-15
fantin1227
15:50 Feudal Age
17:08 Loom
21:08 Castle Age
19:34 Double-Bit Axe
23:06 Wheelbarrow
26:45 Scale Barding Armor
28:37 Chain Barding Armor
28:28 Forging
30:06 Husbandry
30:17 Bloodlines
30:47 Iron Casting
35:28 Horse Collar
36:08 Bow Saw
36:19 Gold Mining
38:42 Hand Cart
42:22 Padded Archer Armor
45:40 Imperial Age
47:22 Plate Barding Armor
47:47 Blast Furnace
46:20 Cavalier
49:00 Light Cavalry
50:01 Leather Archer Armor
49:36 Fletching
50:52 Gold Shaft Mining
52:09 Hussar
Sobelix
9:59 Loom
13:49 Feudal Age
14:45 Double-Bit Axe
20:51 Castle Age
18:47 Gold Mining
18:48 Stone Mining
19:01 Horse Collar
21:54 Bow Saw
23:15 Medium Warships
23:30 Forging
23:16 Fletching
25:21 Wheelbarrow
26:43 Padded Archer Armor
37:22 Imperial Age
35:16 Heavy Plow
35:46 Hand Cart
35:17 Town Watch
36:34 Bodkin Arrow
40:14 Conscription
40:55 Bracer
43:47 Chemistry
43:13 Ballistics
43:09 Leather Archer Armor
44:33 Elite Genoese Crossbowman
46:18 Ring Archer Armor
46:55 Two-Man Saw
50:17 Crop Rotation
53:50 Thumb Ring
54:12 Light Cavalry
55:03 Bloodlines
54:54 Husbandry
57:49 Hussar
GraphBrass
11:15 Loom
14:09 Feudal Age
17:12 Wheelbarrow
17:15 Double-Bit Axe
19:55 Castle Age
18:20 Scale Mail Armor
18:31 Forging
21:32 Squires
25:15 Fishing Lines
26:30 Gambesons
29:05 Iron Casting
29:18 Gold Mining
29:41 Bow Saw
29:49 Hand Cart
31:33 Town Watch
32:12 Stone Mining
33:12 Chain Mail Armor
33:10 Horse Collar
34:08 Pikeman
40:14 Scale Barding Armor
43:49 Imperial Age
41:32 Husbandry
44:17 Elite Varangian Guard
47:54 Plate Mail Armor
49:37 Conscription
50:24 Blast Furnace
49:08 Halberdier
56:56 Two-Man Saw
57:21 Ballistics
58:02 Chemistry
57:19 Gillnets
ALFA_Tester
4:31 Loom
15:18 Feudal Age
19:22 Castle Age
18:22 Double-Bit Axe
18:18 Horse Collar
21:45 Heavy Plow
23:51 Husbandry
24:04 Bloodlines
28:41 Wheelbarrow
28:57 Scale Barding Armor
30:07 Forging
30:19 Chain Barding Armor
32:42 Gold Mining
32:43 Stone Mining
38:15 Imperial Age
36:11 Hand Cart
35:47 Town Watch
40:02 Conscription
39:23 Heavy Scorpion
43:38 Chemistry
42:58 Ballistics
46:39 Bow Saw
50:39 Cavalier
51:45 Savar
56:42 Light Cavalry
Connection lost

Rejoining the realm…

Still unreachable

The connection could not be restored.

Session expired

The server has moved on; the page needs a fresh start.